 Dungeon Crawl Stone Soup version 0.25-a0-663-gace7076 (webtiles) character file.

Game seed: 8181431798393629339, levelgen mode: deterministic

4078 Charmandara the Nimble (level 10, 0/51 HPs)
             Began as a Felid Ice Elementalist on Mar 25, 2020.
             Was an Elder of Makhleb.
             Slain by a deep elf mage
             ... wielding a +0 long sword
              (3 damage)
             ... on level 10 of the Dungeon.
             The game lasted 00:35:57 (13503 turns).

Charmandara the Nimble (Felid Ice Elementalist)    Turns: 13503, Time: 00:35:57

Health: 0/51       AC:  7    Str:  7    XL:     10   Next: 5%
Magic:  2/22       EV: 17    Int: 20    God:    Makhleb [****..]
Gold:   571        SH:  0    Dex: 17    Spells: 4/23 levels left
                                        Lives:  0   Deaths: 3

rFire    x . .     SeeInvis +     - Unarmed
rCold    + + +     Gourm    .   (shield unavailable)
rNeg     . . .     Faith    +   (armour unavailable)
rPois    +         Spirit   .   (helmet unavailable)
rElec    .         Reflect  .   (cloak unavailable)
rCorr    .         Harm     .   (gloves unavailable)
MR       +....                  (boots unavailable)
Stlth    ++........             g - amulet of faith {Faith, !P}
HPRegen  0.17/turn              d - +3 ring of strength
MPRegen  0.18/turn              l - ring of wizardry {Wiz+, !d}

@: liquid flames, ice-form, very slightly contaminated, glowing
A: large, no armour, no weapons or thrown items, stealth, see invisible,
carnivore, slow metabolism 1
a: End Transformation, Minor Destruction, Lesser Servant of Makhleb, Major
Destruction, Renounce Religion


You were on level 10 of the Dungeon.
You worshipped Makhleb.
Makhleb was greatly pleased with you.
You were completely stuffed.
You were a creature of crystalline ice.
You visited 2 branches of the dungeon, and saw 11 of its levels.
You also visited: Sewer and Bailey.

You collected 571 gold pieces.

Inventory:

Missiles
 x - 54 arrows
Jewellery
 d - a +3 ring of strength (left front paw)
   (You took it off a hobgoblin on level 1 of the Dungeon)
 g - an amulet of faith (around neck) {Faith, !P}
   (You found it on level 2 of the Dungeon)
 l - a ring of wizardry (right front paw) {Wiz+, !d}
   (You found it on level 4 of the Dungeon)
 q - an uncursed ring of teleportation {+/*tele, !d}
   (You found it on level 4 of the Dungeon)
 s - an uncursed amulet of regeneration {+regen, !d}
   (You found it on level 5 of the Dungeon)
 v - an uncursed amulet of rage {+Rage, !d}
   (You took it off an orc on level 5 of the Dungeon)
 B - an uncursed ring of flight {unknown}
   (You found it on level 10 of the Dungeon)
Wands
 e - a wand of digging (9)
   (You found it on level 9 of the Dungeon)
 n - a wand of flame (13)
   (You took it off a kobold on level 5 of the Dungeon)
Scrolls
 j - 4 scrolls of blinking {!r}
 m - 5 scrolls of remove curse
 o - 3 scrolls of teleportation
 z - a scroll of fear
 A - a scroll of acquirement {unknown}
Potions
 a - 12 potions of curing
 c - a potion of haste
 f - 3 potions of mutation {unknown}
 h - 3 potions of flight
 i - 5 potions of lignification {unknown}
 k - a potion of heal wounds
 p - 2 potions of magic {unknown}
 r - 3 potions of berserk rage {unknown}
 t - 2 potions of brilliance {unknown}
 u - 6 potions of might
Miscellaneous
 w - a phantom mirror
 y - a sack of spiders
Comestibles
 b - 24 rations
 C - 10 chunks of flesh {@w0}


   Skills:
 - Level 4.5 Fighting
 + Level 10.0 Dodging
 - Level 9.1 Stealth
 * Level 6.8 Unarmed Combat
 + Level 7.3 Spellcasting
 - Level 4.0 Hexes
 - Level 3.0 Charms
 - Level 1.0 Summonings
 - Level 4.0 Transmutations
 - Level 7.2 Ice Magic


You had 4 spell levels left.
You knew the following spells:

 Your Spells              Type           Power        Failure   Level  Hunger
a - Ensorcelled Hibernat  Hex/Ice        ####..       1%          2    None
b - Summon Ice Beast      Ice/Summ       ###.....     7%          4    ###....
f - Freeze                Ice            ####         1%          1    None
i - Ice Form              Ice/Tmut       ####....     3%          4    ###....
s - Sticks to Snakes      Tmut           ###.....     1%          2    None
z - Frozen Ramparts       Ice            #####.       1%          3    #......
A - Ozocubu's Armour      Chrm/Ice       ####....     1%          3    #......

Your spell library contained the following spells:

 Spells                   Type           Power        Failure   Level  Hunger
 Beastly Appendage        Tmut           ###...       1%          1    None
 Corona                   Hex            ###....      1%          1    None
 Confusing Touch          Hex            ###.....     2%          3    #......
 Tukima's Dance           Hex            ###.....     2%          3    #......
 Dazzling Flash           Conj/Hex       ###...       4%          3    #......
 Spider Form              Tmut/Pois      ###.......   4%          3    #......
 Hailstorm                Conj/Ice       ###.....     9%          4    ###....
 Blade Hands              Tmut           ###.......   19%         5    #####..


Dungeon Overview and Level Annotations

Branches:
Dungeon (10/15)            Temple (1/1) D:7            Lair (0/6) D:10
    Orc (0/2) D:9           Sewer (visited)          Bailey (visited)

Altars:
Ashenzari
Cheibriados
Dithmenos
Elyvilon
Fedhas
Gozag
Hepliaklqana
Kikubaaqudgha
Makhleb
Nemelex Xobeh
Okawaru
Qazlal
Ru
Sif Muna
Trog
Uskayaw
Vehumet
Wu Jian
Xom
Yredelemnul
Zin
The Shining One

Shops:
D:6 [   D:7 *

Annotations:
D:5 1 runed translucent door, flotson's ghost, amateur VSFi


Innate Abilities, Weirdness & Mutations

You cannot wear armour.
You are incapable of wielding weapons or throwing items.
Your paws allow you to move quietly. (Stealth)
((You have sharp claws.))
((You have razor-sharp teeth.))
You have supernaturally acute eyesight. (SInv)
You are carnivorous and can eat meat at any time.
((You cover ground quickly.))
((You are covered in thick fur. (AC +2)))
You have a slow metabolism.
((Your sharp claws are effective at attacking unaware monsters.))


Message History

Your Dodging skill increases to level 10!
Welcome back to level 10!
Something bites your ice beast! Something barely misses your ice beast.
Something claws your ice beast but does no damage.
You regained 20 hp, and now have 27/51 hp.
Your ice beast hits the hippogriff.
Your ice beast freezes the hippogriff.
The wall freezes the hippogriff.
The hippogriff bites your ice beast!
The hippogriff pecks your ice beast but does no damage.
The hippogriff misses your ice beast.
You swap places.
The wall freezes the hippogriff.
The hippogriff bites you but does no damage.
The hippogriff pecks you but does no damage.
The hippogriff completely misses you.
There is an open door, spattered with blood here.
Things that are here:
a cursed -1 dagger; a +0 robe; a yak corpse You punch the hippogriff!
You freeze the hippogriff.
You kill the hippogriff!
Makhleb accepts your kill.
You can now hurl Makhleb's greater destruction.
You swap places.
Your ice beast disappears in a puff of smoke!
There isn't anything here!
The frozen ramparts melt away.
There is an open door, spattered with blood here.
Things that are here:
a cursed -1 dagger; a +0 robe; a yak corpse You butcher the yak corpse.
C - 15 chunks of flesh {@w0} (gained 4)
There is an open door, spattered with blood here.
Things that are here:
a cursed -1 dagger; a +0 robe; a yak skeleton There isn't anything to butcher here.
There isn't anything to butcher here.
Things that are here:
a yak corpse x2
You start resting.
Eating one of 15 chunks of flesh {@w0}.
You eat one of the 15 chunks of flesh {@w0}.
This raw flesh tastes great.
A deep elf mage comes into view. It is wielding a +0 long sword.
A deep elf mage is nearby!
There is an open door, spattered with blood here.
Things that are here:
a cursed -1 dagger; a +0 robe; a yak skeleton The deep elf mage points at you and mumbles some strange words.
The sticky flame hits you! The fire burns you terribly!
You are covered in liquid flames!
You take 10 damage, and have 20/51 hp.
You are covered in liquid flames!
* * * LOW HITPOINT WARNING * * *
The deep elf mage points at you and mumbles some strange words.
The sticky flame hits you. The fire burns you terribly!
You are covered in liquid flames!
* * * LOW HITPOINT WARNING * * *
You take 15 damage, and have 5/51 hp.
MASSIVE DAMAGE!!
Okay, then.
You feel much better.
You are covered in liquid flames!
The deep elf mage misses you.
You regained 20 hp, and now have 25/51 hp.
Unknown command.
You don't know that spell.
A chill wind blows around you.
You are covered in liquid flames!
The deep elf mage hits you with a +0 long sword.
You take 1 damage, and have 24/51 hp.
You now have 1/22 mp.
Unknown command.
You closely miss the deep elf mage.
You are covered in liquid flames!
* * * LOW HITPOINT WARNING * * *
The deep elf mage hits you with a +0 long sword.
* * * LOW HITPOINT WARNING * * *
You take 12 damage, and have 12/51 hp.
MASSIVE DAMAGE!!
You closely miss the deep elf mage.
You are covered in liquid flames!
* * * LOW HITPOINT WARNING * * *
You take 6 damage, and have 6/51 hp.
You feel much better.
You are covered in liquid flames!
* * * LOW HITPOINT WARNING * * *
Your ice beast closely misses the deep elf mage.
The deep elf mage misses you.
You regained 6 hp, and now have 12/51 hp.
Unknown command.
You punch the deep elf mage! You freeze the deep elf mage.
You are covered in liquid flames!
* * * LOW HITPOINT WARNING * * *
Your ice beast barely misses the deep elf mage.
The deep elf mage hits you with a +0 long sword.
* * * LOW HITPOINT WARNING * * *
Some of the chunks of flesh in your inventory have rotted away.
You take 6 damage, and have 6/51 hp.
You barely miss the deep elf mage.
You are covered in liquid flames!
* * * LOW HITPOINT WARNING * * *
Your ice beast closely misses the deep elf mage.
The deep elf mage hits you with a +0 long sword.
You die...

#.# *,**,,,,,**,*
#.# *,***..,*#..*
#.# *,####.##..**
#.# *,,..#.#..#*
#.#### ***#......#
.....########......#
#.##........+......#
#.###########...eY.#
#.# #...Y..# ..#
#......# .##
#......# .# ####)###
.# #..†.# .# #.####
'###### ####.######
......####.........#
......'..#.........#


You could see a deep elf mage and a friendly ice beast.

Vanquished Creatures
  A two-headed ogre (D:10)
  A wizard (D:10)
  Joseph (D:8)
  Prince Ribbit (D:6)
  3 hippogriffs
  Sigmund (D:5)
  4 yaks (D:10)
  Eustachio (D:4)
  10 orc warriors
  3 porcupines (D:10)
  2 ice beasts
  4 sky beasts
  A black bear (D:10)
  A centaur (D:10)
  6 ogres
  4 crocodiles
  2 big kobolds
  A gnoll sergeant (D:10)
  6 bullfrogs
  5 scorpions
  An electric eel (D:9)
  A howler monkey (D:6)
  4 crimson imps
  A hound (D:5)
  3 orc priests
  17 orc wizards
  9 jellies
  A bullfrog skeleton (D:7)
  An iguana (D:4)
  Ijyb (D:4)
  8 worker ants
  Robin (D:4)
  A worker ant zombie (D:9)
  15 gnolls
  6 adders
  3 river rats (Sewer)
  2 shadow imps
  5 oozes (D:8)
  2 adder skeletons
  5 worms
  7 dart slugs
  A leopard gecko (D:2)
  29 orcs
  7 bats
  8 giant cockroaches
  13 goblins
  21 hobgoblins
  4 jackals
  A quokka (D:8)
  A ball python (D:4)
  5 frilled lizards
  22 kobolds
  23 rats
287 creatures vanquished.

Vanquished Creatures (collateral kills)
  2 yaks (D:10)
  An orc priest (D:7)
  2 gnolls (Bailey)
  A kobold (Bailey)
6 creatures vanquished.

Vanquished Creatures (others)
  An orc priest (D:7)
  22 fungi (D:10)
  6 plants (D:10)
29 creatures vanquished.

Grand Total: 322 creatures vanquished

Notes
Turn   | Place    | Note
-------+----------+-------------------------------------------
     0 | D:1      | Charmandara the Felid Ice Elementalist began the quest for
                  | the Orb.
     0 | D:1      | Reached XP level 1. HP: 7/7 MP: 4/4
    21 | D:1      | HP: 1/7 [rat (2)]
   324 | D:1      | Reached skill level 3 in Stealth
   325 | D:1      | Reached XP level 2. HP: 11/11 MP: 3/6
   335 | D:1      | Reached skill level 3 in Dodging
   388 | D:1      | Reached skill level 4 in Ice Magic
   733 | D:1      | Reached XP level 3. HP: 10/14 MP: 4/7
  1099 | D:1      | Learned a level 3 spell: Frozen Ramparts
  1283 | D:2      | HP: 3/14 [poisoned by an adder]
  1289 | D:2      | HP: 1/14 [poisoned by an adder]
  1708 | D:2      | Reached XP level 4. HP: 18/18 MP: 4/8
  2151 | D:3      | HP: 1/18 [orc priest/+6 hand axe (7)]
  2153 | D:3      | Killed from afar by an orc priest
  2154 | D:3      | Reached XP level 3. HP: -12/14 MP: 5/7
  2278 | D:3      | Found a sacrificial altar of Ru.
  2296 | D:3      | Became a worshipper of Ru the Awakened
  2304 | D:3      | HP: 3/14 [worm (9)]
  2622 | D:3      | HP: 1/14 [hobgoblin/+0 club (7)]
  2938 | D:3      | HP: 1/14 [orc/+0 war axe (13)]
  3288 | D:4      | Found a glowing drain.
  3330 | Sewer    | Entered a sewer
  3345 | Sewer    | Reached XP level 4. HP: 11/18 MP: 4/8
  3351 | Sewer    | Reached skill level 4 in Stealth
  3457 | Sewer    | Learned a level 3 spell: Ozocubu's Armour
  3502 | Sewer    | Noticed a big kobold
  3522 | Sewer    | Killed a big kobold
  3522 | Sewer    | Reached skill level 4 in Dodging
  3522 | Sewer    | Reached XP level 5. HP: 8/21 MP: 0/10
  3713 | Sewer    | Found a white marble altar of Elyvilon.
  3775 | D:4      | Noticed Eustachio
  3789 | D:4      | Killed Eustachio
  3789 | D:4      | Reached skill level 3 in Spellcasting
  3789 | D:4      | Reached skill level 5 in Ice Magic
  3789 | D:4      | Gained mutation: You are covered in thick fur. (AC +2)
                  | [Felid growth]
  3789 | D:4      | Reached XP level 6. HP: 24/24 MP: 6/11
  3798 | D:4      | Learned a level 4 spell: Summon Ice Beast
  3877 | D:4      | Noticed Robin
  3889 | D:4      | Killed Robin
  3889 | D:4      | HP: 6/24 [hobgoblin[Robin] (5)]
  4454 | D:4      | HP: 2/24 [ogre/cursed -1 giant club (22)]
  4467 | D:4      | Reached skill level 5 in Stealth
  4946 | D:4      | Noticed Ijyb
  4952 | D:4      | Killed Ijyb
  5091 | D:4      | Reached skill level 5 in Dodging
  5091 | D:4      | Reached skill level 4 in Spellcasting
  5091 | D:4      | Reached XP level 7. HP: 27/27 MP: 7/14
  5150 | D:4      | Learned a level 2 spell: Ensorcelled Hibernation
  5679 | D:5      | Entered Level 5 of the Dungeon
  5705 | D:5      | Reached skill level 1 in Hexes
  5705 | D:5      | Reached skill level 1 in Charms
  5705 | D:5      | Reached skill level 1 in Summonings
  5807 | D:5      | Found a stormy altar of Qazlal.
  5962 | D:5      | HP: 7/28 [poisoned by a scorpion]
  6245 | D:5      | Found a radiant altar of Vehumet.
  6419 | D:5      | Noticed Sigmund
  6432 | D:5      | Killed Sigmund
  6432 | D:5      | Reached skill level 1 in Fighting
  6432 | D:5      | Reached skill level 1 in Unarmed Combat
  6432 | D:5      | Reached skill level 6 in Ice Magic
  6432 | D:5      | Reached XP level 8. HP: 18/32 MP: 3/15
  6432 | D:5      | Reached skill level 6 in Stealth
  6773 | D:5      | Found a runed translucent door.
  6773 | D:5      | Noticed flotson's ghost (amateur VSFi)
  6828 | D:5      | Reached skill level 6 in Dodging
  7271 | D:6      | Noticed Prince Ribbit
  7273 | D:6      | Reached skill level 2 in Hexes
  7289 | D:6      | HP: 8/32 [Prince Ribbit (18)]
  7293 | D:6      | Killed Prince Ribbit
  7293 | D:6      | Reached skill level 7 in Stealth
  7293 | D:6      | Reached skill level 5 in Spellcasting
  7372 | D:6      | Learned a level 4 spell: Ice Form
  7392 | D:6      | Found a blossoming altar of Fedhas.
  7479 | D:6      | Reached skill level 1 in Transmutations
  7575 | D:6      | Found Cuprenn's Antique Armour Boutique.
  7657 | D:6      | Reached skill level 7 in Dodging
  7901 | D:7      | Found a bloodstained altar of Trog.
  7959 | D:7      | Found an opulent altar of Gozag.
  8020 | D:7      | HP: 5/38 [orc warrior/+0 dire flail (23)]
  8025 | D:7      | Reached skill level 3 in Hexes
  8025 | D:7      | Reached XP level 9. HP: 29/35 MP: 11/18
  8122 | D:7      | HP: 5/35 [sky beast (5)]
  8138 | D:7      | Reached skill level 8 in Stealth
  8138 | D:7      | Reached skill level 7 in Ice Magic
  8485 | D:7      | Reached skill level 4 in Hexes
  8913 | D:7      | Learned a level 2 spell: Sticks to Snakes
  9270 | D:7      | Found a staircase to the Ecumenical Temple.
  9276 | Temple   | Entered the Ecumenical Temple
  9571 | Temple   | Fell from the grace of Ru
  9571 | Temple   | Became a worshipper of Makhleb the Destroyer
  9628 | D:7      | Found Zin's Purification Station.
  9630 | D:7      | Found a glowing silver altar of Zin.
  9897 | D:8      | Reached skill level 8 in Dodging
  9897 | D:8      | Reached skill level 2 in Fighting
  9897 | D:8      | Reached skill level 2 in Unarmed Combat
 10003 | D:8      | HP: 5/43 [hippogriff (6)]
 10004 | D:8      | Reached skill level 6 in Spellcasting
 10004 | D:8      | Reached skill level 2 in Charms
 10381 | D:8      | Noticed Joseph
 10394 | D:8      | Reached skill level 2 in Transmutations
 10400 | D:8      | HP: 11/44 [Joseph/+0 quarterstaff (11)]
 10401 | D:8      | Killed Joseph
 10646 | D:8      | Reached skill level 3 in Fighting
 10646 | D:8      | Reached skill level 3 in Unarmed Combat
 10807 | D:9      | Reached * piety under Makhleb
 10824 | D:9      | Reached XP level 10. HP: 16/42 MP: 17/20
 10865 | D:9      | HP: 4/50 [orc warrior/+0 hand axe (17)]
 10904 | D:8      | Reached skill level 9 in Stealth
 11179 | D:9      | Reached skill level 3 in Charms
 11252 | D:9      | Found a hazy altar of Hepliaklqana.
 11301 | D:9      | HP: 6/50 [ogre/+0 giant club (26)]
 11698 | D:9      | Found a hazy altar of Hepliaklqana.
 11820 | D:9      | Found a shadowy altar of Dithmenos.
 11990 | D:9      | Found a staircase to the Orcish Mines.
 11991 | D:9      | HP: 9/50 [orc wizard/magic dart (9)]
 12341 | D:10     | Entered Level 10 of the Dungeon
 12396 | D:10     | Reached skill level 3 in Transmutations
 12458 | D:10     | Reached ** piety under Makhleb
 12483 | D:10     | Reached skill level 4 in Fighting
 12483 | D:10     | Reached skill level 4 in Unarmed Combat
 12604 | D:10     | Found a flagged portal.
 12613 | Bailey   | Entered a bailey
 12752 | Bailey   | Reached *** piety under Makhleb
 12811 | Bailey   | HP: 6/51 [orc warrior/+3 scimitar (9)]
 12821 | Bailey   | Hit by a boomerang thrown by an orc warrior
 12822 | Bailey   | Reached XP level 9. HP: -2/46 MP: 5/19
 12862 | Bailey   | HP: 11/46 [orc warrior/+3 scimitar (12)]
 13106 | D:10     | Reached skill level 9 in Dodging
 13112 | D:10     | Found a staircase to the Lair.
 13112 | D:10     | Noticed a two-headed ogre
 13126 | D:10     | Reached skill level 5 in Unarmed Combat
 13136 | D:10     | Reached skill level 4 in Transmutations
 13261 | D:10     | Mangled by a two-headed ogre
 13262 | D:10     | Reached XP level 8. HP: -7/43 MP: 10/19
 13285 | D:10     | Killed a two-headed ogre
 13285 | D:10     | Reached skill level 7 in Spellcasting
 13285 | D:10     | Reached XP level 9. HP: 39/39 MP: 15/20
 13371 | D:10     | Reached skill level 6 in Unarmed Combat
 13460 | D:10     | Noticed a wizard
 13474 | D:10     | HP: 7/46 [hippogriff (11)]
 13478 | D:10     | Killed a wizard
 13478 | D:10     | Reached skill level 10 in Dodging
 13478 | D:10     | Reached XP level 10. HP: 27/43 MP: 1/22
 13481 | D:10     | Reached **** piety under Makhleb
 13492 | D:10     | Noticed a deep elf mage
 13496 | D:10     | HP: 11/51 [burnt (9)]
 13496 | D:10     | HP: 5/51 [deep elf mage/sticky flame (6)]
 13501 | D:10     | HP: 12/51 [burnt (9)]
 13503 | D:10     | HP: 3/51 [burnt (3)]
 13503 | D:10     | Slain by a deep elf mage

Levels and vault maps discovered:
D:1:      erik_arrival_orb_chamber, layout_basic
D:2:      layout_loops_ring, first_ration
D:3:      layout_basic, nicolae_ru_sacrificial_ziggurat
D:4:      kennysheep_spiral_hall, layout_loops_ring,
          cheibrodos_sewer_entry_drain, roderic_lattice_a, minivault_26,
          uniq_eustachio, uniq_ijyb, uniq_robin
D:5:      layout_basic, old_standard_altar, vehumet_altar_wand_db,
          gammafunk_ghost_grave, uniq_sigmund
D:6:      layout_cave_pods, fedhas_altar_3, serial_shops,
          nicolae_shop_overgrown_old_shop, uniq_prince_ribbit1
D:7:      layout_loops_corners, zin_purify, lemuel_doored_altar,
          minmay_temple_entry_butterflies, nicolae_gozag_seed_capital
D:8:      layout_cave_pools, hangedman_little_slice_of_home, uniq_joseph
D:9:      layout_roguey, old_standard_altar, erik_orc_2, basic_altar,
          minmay_misc_feat_square, grunt_dithmenos_shadows
D:10:     layout_roguey, due_lair_maze_entry_diamond, enter_bailey_2,
          bh_hangedman_babel_library
Temple:   regret_index_temple_generic_petals

Skill      XL: |  1  2  3  4  5  6  7  8  9 10 |
---------------+-------------------------------+-----
Stealth        | 3 4 5 7 8 9 |  9.1
Dodging        | 3 4 5 7 10 | 10.0
Ice Magic      | 4 5 6 7 |  7.2
Spellcasting   | 3 4 7 6 |  7.3
Hexes          | 1 3 4 |  4.0
Charms         | 1 2 3 |  3.0
Summonings     | 1 |  1.0
Fighting       | 1 3 4 |  4.5
Unarmed Combat | 1 6 4 |  6.8
Transmutations | 1 4 3 |  4.0

Action                   |  1- 3 |  4- 6 |  7- 9 | 10-12 || total
-------------------------+-------+-------+-------+-------++-------
Melee: Unarmed           |    61 |    42 |   235 |    99 ||   437
       Bite              |     6 |     9 |     3 |     5 ||    23
       Punch             |       |       |     1 |       ||     1
 Cast: Freeze            |    69 |    34 |    27 |     1 ||   131
       Frozen Ramparts   |     4 |    10 |    34 |    21 ||    69
       Ozocubu's Armour  |       |     2 |     4 |     3 ||     9
       Ensorcelled Hiber |       |       |    16 |       ||    16
       Ice Form          |       |       |    26 |    12 ||    38
       Summon Ice Beast  |       |       |     6 |     6 ||    12
       Sticks to Snakes  |       |       |     1 |     5 ||     6
Invok: Reject Sacrifices |       |     1 |       |       ||     1
Evoke: Wand              |       |       |    10 |     9 ||    19
  Use: Scroll            |     5 |     1 |     9 |     2 ||    17
       Potion            |     1 |     3 |     3 |     3 ||    10
 Stab: Sleeping          |     3 |     3 |    13 |     3 ||    22
       Distracted        |       |       |     1 |       ||     1
  Eat: Chunk             |    16 |     7 |    29 |     8 ||    60
Armor: Skin              |     3 |     7 |    36 |    18 ||    64
Dodge: Dodged            |    93 |    57 |   198 |   107 ||   455

Table legend:
 A = Non-vault XP
 B = Vault XP
 C = Vault XP percentage of total XP
 D = Non-vault monster count
 E = Vault monster count
 F = Vault count percentage of total count
                 A         B        C        D         E       F
            +---------+---------+-------+---------+---------+-------
      Total |    7722 |    4482 |  36.7 |     171 |     123 |  41.8
            +---------+---------+-------+---------+---------+-------
        D:1 |      32 |      12 |  27.3 |      14 |      12 |  46.2
        D:2 |      66 |       0 |   0.0 |      29 |       0 |   0.0
        D:3 |     115 |       0 |   0.0 |      18 |       0 |   0.0
        D:4 |     309 |     322 |  51.0 |       7 |      22 |  75.9
        D:5 |     591 |     225 |  27.6 |      18 |       2 |  10.0
        D:6 |     575 |     268 |  31.8 |      10 |       1 |   9.1
        D:7 |    1318 |       0 |   0.0 |      30 |       0 |   0.0
        D:8 |     726 |     693 |  48.8 |       8 |      10 |  55.6
        D:9 |     439 |     782 |  64.0 |       9 |      21 |  70.0
       D:10 |    3551 |    1687 |  32.2 |      28 |      11 |  28.2
      Sewer |       0 |     147 | 100.0 |       0 |      10 | 100.0
     Bailey |       0 |     346 | 100.0 |       0 |      34 | 100.0
            +---------+---------+-------+---------+---------+-------

Levels and vault maps discovered:
D:1:      erik_arrival_orb_chamber, layout_basic
D:2:      layout_loops_ring, first_ration
D:3:      layout_basic, nicolae_ru_sacrificial_ziggurat
D:4:      kennysheep_spiral_hall, layout_loops_ring,
          cheibrodos_sewer_entry_drain, roderic_lattice_a, minivault_26,
          uniq_eustachio, uniq_ijyb, uniq_robin
D:5:      layout_basic, old_standard_altar, vehumet_altar_wand_db,
          gammafunk_ghost_grave, uniq_sigmund
D:6:      layout_cave_pods, fedhas_altar_3, serial_shops,
          nicolae_shop_overgrown_old_shop, uniq_prince_ribbit1
D:7:      layout_loops_corners, zin_purify, lemuel_doored_altar,
          minmay_temple_entry_butterflies, nicolae_gozag_seed_capital
D:8:      layout_cave_pools, hangedman_little_slice_of_home, uniq_joseph
D:9:      layout_roguey, old_standard_altar, erik_orc_2, basic_altar,
          minmay_misc_feat_square, grunt_dithmenos_shadows
D:10:     layout_roguey, due_lair_maze_entry_diamond, enter_bailey_2,
          bh_hangedman_babel_library
Temple:   regret_index_temple_generic_petals

Table legend:
 A = Turns spent in this place as a percentage of turns spent in the entire game.
 B = Non-inter-level travel turns spent in this place as a percentage of non-inter-level travel turns spent in the entire game.
 C = Inter-level travel turns spent in this place as a percentage of turns spent in this place.
 D = Turns resting spent in this place as a percentage of non-inter-level travel turns spent in this place.
 E = Turns spent auto-exploring this place as a percentage of non-inter-level travel turns spent in this place.
 F = Non-inter-level travel turns spent in this place divided by the number of levels of this place that you've seen.
                   A       B       C       D       E      F
               +-------+-------+-------+-------+-------+----------------------
         Total | 100.0 | 100.0 |   6.9 |  36.0 |  40.9 | 967.5
       Dungeon |  90.8 |  90.4 |   7.2 |  35.9 |  41.6 | 1137.5
        Temple |   2.5 |   2.4 |  11.0 |   0.0 |  72.8 | 298.0
         Sewer |   3.2 |   3.4 |   0.0 |  61.9 |  21.7 | 428.0
        Bailey |   3.5 |   3.8 |   0.0 |  37.6 |  22.3 | 476.0
               +-------+-------+-------+-------+-------+----------------------

Table legend:
 A = Kills in this place as a percentage of kills in entire the game.
 B = Kills by you in this place as a percentage of kills by you in the entire game.
 C = Kills by friends in this place as a percentage of kills by friends in the entire game.
 D = Other kills in this place as a percentage of other kills in the entire game.
 E = Experience gained in this place as a percentage of experience gained in the entire game.
 F = Experience gained in this place divided by the number of levels of this place that you have seen.
                   A       B       C       D       E      F
               +-------+-------+-------+-------+-------+----------------------
         Total | 100.0 | 100.0 | 100.0 | 100.0 | 100.0 | 938.8
       Dungeon |  85.0 |  85.7 |  50.0 | 100.0 |  96.0 | 1171.1
         Sewer |   3.4 |   3.5 |   0.0 |   0.0 |   1.2 | 147.0
        Bailey |  11.6 |  10.8 |  50.0 |   0.0 |   2.8 | 346.0
               +-------+-------+-------+-------+-------+----------------------
